 Dungeon Crawl Stone Soup version 0.23-a0-650-ga4d50d4 (webtiles) character file.

135 Borgoz the Sneak (level 5, -1/32 HPs)
             Began as a Kobold Assassin on Jan 2, 2019.
             Slain by Natasha (3 damage)
             ... on level 2 of the Dungeon.
             The game lasted 00:06:00 (2256 turns).

Borgoz the Sneak (Kobold Assassin)                  Turns: 2256, Time: 00:06:00

Health: -1/32      AC:  3    Str: 10    XL:     5   Next: 41%
Magic:  5/5        EV: 16    Int: 12    God:
Gold:   115        SH:  0    Dex: 16    Spells: 4/4 levels left

rFire    . . .     SeeInvis .   b - +0 blowgun
rCold    + . .     Gourm    .   (shield restricted)
rNeg     . . .     Faith    .   c - +0 robe
rPois    .         Spirit   .   (no helmet)
rElec    .         Reflect  .   d - +0 cloak
rCorr    .         Harm     .   (no gloves)
MR       .....                  (no boots)
Stlth    +++.......             (no amulet)
HPRegen  0.10/turn              l - ring of protection from cold
MPRegen  0.09/turn              (no ring)

@: slowed, very slow
A: small, carnivore
a: no special abilities


You were on level 2 of the Dungeon.
You were completely stuffed.

You visited 1 branch of the dungeon, and saw 2 of its levels.

You collected 115 gold pieces.

Inventory:

Hand Weapons
 a - a +2 dagger
 b - a +0 blowgun (weapon)
Missiles
 e - 4 poisoned needles (quivered)
 f - 2 curare-tipped needles
Armour
 c - a +0 robe (worn)
 d - a +0 cloak (worn)
 i - a +2 shield
Jewellery
 l - a ring of protection from cold (left hand)
 r - a +4 ring of strength {unknown}
Scrolls
 n - a scroll of magic mapping {unknown}
 o - a scroll of teleportation {unknown}
 p - 2 scrolls of remove curse {unknown}
Potions
 h - a potion of curing
 j - 2 potions of degeneration {unknown}
 k - 2 potions of ambrosia {unknown}
 q - 2 potions of brilliance {unknown}
Comestibles
 g - 5 rations
 m - a chunk of flesh


   Skills:
 + Level 3.4 Fighting
 + Level 4.2 Short Blades
 - Level 2.1 Throwing
 + Level 3.0 Dodging
 + Level 6.3 Stealth


You had 4 spell levels left.
You didn't know any spells.
Your spell library was empty.

Dungeon Overview and Level Annotations

Branches:
Dungeon (2/15)

Altars:
Ru
Wu Jian

Annotations:
D:2 Natasha, Sigmund


Innate Abilities, Weirdness & Mutations

You are small and have problems with some larger weapons.
You are carnivorous and can eat meat at any time.


Message History

You shoot a poisoned needle. The poisoned needle hits Natasha.
Natasha is poisoned.
Natasha is moderately wounded.
Natasha barely misses you.
Natasha zaps a wand.
The puff of flame hits you!
* * * LOW HITPOINT WARNING * * *
Firing (i - inventory. (/) - cycle)
e - 6 poisoned needles (quivered)
Press: ? - help, Shift-Dir - straight line, f/p - Natasha
Aim: Natasha, carrying a wand of flame (3) (heavily wounded, poisoned)
You shoot a poisoned needle.
The poisoned needle barely misses Natasha.
Natasha casts a spell at you. The magic dart hits you!
* * * LOW HITPOINT WARNING * * *
Firing (i - inventory. (/) - cycle)
e - 5 poisoned needles (quivered)
Press: ? - help, Shift-Dir - straight line, f/p - Natasha
Aim: Natasha, carrying a wand of flame (3) (severely wounded, poisoned)
You shoot a poisoned needle.
The poisoned needle closely misses Natasha.
Natasha claws you.
You die...

###.###............
#....#.............
#........####..##.#
#........# #..##.#
#..#.##.(####..##.#
##..#.##............
#(....##...#######..
#.h.################
#..@##..............
#....#..#...#...#(..
#....#_.............
##....#..#...#...#...
#####.....#..............
#.........###############
#.###...........#######.#
#.# ##.##.#..##..†......#
#.# #.##.#..#..#########


You could see Natasha.

Vanquished Creatures
  Natasha (twice) (D:2)
  2 adders (D:2)
  An ooze (D:2)
  3 worms (D:2)
  2 leopard geckos (D:2)
  10 goblins
  9 hobgoblins
  2 jackals (D:2)
  5 bats
  3 frilled lizards
  9 kobolds
  5 rats
53 creatures vanquished.

Notes
Turn   | Place    | Note
-------+----------+-------------------------------------------
     0 | D:1      | Borgoz the Kobold Assassin began the quest for the Orb.
     0 | D:1      | Reached XP level 1. HP: 12/12 MP: 1/1
    95 | D:1      | Reached XP level 2. HP: 9/18 MP: 2/2
   532 | D:1      | Reached XP level 3. HP: 21/22 MP: 3/3
   756 | D:2      | Found a faded altar of an unknown god.
   799 | D:2      | HP: 1/22 [adder (3)]
  1078 | D:2      | Reached XP level 4. HP: 12/27 MP: 4/4
  1259 | D:2      | Reached skill level 6 in Stealth
  1311 | D:2      | Noticed Natasha
  1315 | D:2      | Killed Natasha
  1508 | D:2      | Reached XP level 5. HP: 22/32 MP: 5/5
  1719 | D:2      | Found a sacrificial altar of Ru.
  1816 | D:2      | Found an ornate altar of the Wu Jian Council.
  2018 | D:2      | Noticed Sigmund
  2170 | D:2      | Noticed Natasha
  2186 | D:2      | Killed Natasha
  2244 | D:2      | Noticed Natasha
  2255 | D:2      | HP: 1/32 [Natasha/magic dart (8)]
  2256 | D:2      | Slain by Natasha

Vault maps used:
D:1:      mrwooster_arrival_statue_3
D:2:      minmay_spotlight, nicolae_overflow_hidden_temple,
          lemuel_coloured_pillars_altar, first_ration,
          chequers_ecumenical_altar_island, patterned_corridor, uniq_sigmund,
          uniq_natasha

Skill      XL: |  1  2  3  4  5 |
---------------+----------------+-----
Short Blades   | 3 4 |  4.2
Dodging        | 2 3 |  3.0
Fighting       | 3 |  3.4
Stealth        | 6 |  6.3
Throwing       | |  2.1

Action                   |  1- 3 |  4- 6 || total
-------------------------+-------+-------++-------
Melee: Dagger            |   153 |    75 ||   228
 Fire: Blowgun           |       |    19 ||    19
  Use: Potion            |     2 |     1 ||     3
 Stab: Sleeping          |     8 |     5 ||    13
  Eat: Chunk             |     9 |     4 ||    13
Armor: Robe              |    30 |     7 ||    37
Dodge: Dodged            |   123 |    39 ||   162

Table legend:
 A = Non-vault XP
 B = Vault XP
 C = Vault XP percentage of total XP
 D = Non-vault monster count
 E = Vault monster count
 F = Vault count percentage of total count
                 A         B        C        D         E       F
            +---------+---------+-------+---------+---------+-------
      Total |     141 |      52 |  26.9 |      47 |       6 |  11.3
            +---------+---------+-------+---------+---------+-------
        D:1 |      37 |       0 |   0.0 |      23 |       0 |   0.0
        D:2 |     104 |      52 |  33.3 |      24 |       6 |  20.0
            +---------+---------+-------+---------+---------+-------
